 Dungeon Crawl Stone Soup version 0.27-a0-538-g15ff5c5295 (webtiles) character file.

Game seed: 2136760463049132414

4088 inc the Vexing (level 10, -15/82 HPs)
             Began as a Mummy Conjurer on Mar 6, 2021.
             Was a Believer of Ashenzari.
             Killed by an exploding fulminant prism (17 damage)
             ... on level 9 of the Dungeon.
             The game lasted 00:22:13 (10090 turns).

inc the Vexing (Mummy Conjurer)                    Turns: 10090, Time: 00:22:14

Health: -15/82     AC:  6    Str: 12    XL:     10   Next: 5%
Magic:  9/22       EV: 14    Int: 19    God:    Ashenzari [**....]
Gold:   327        SH:  0    Dex: 11    Spells: 19/26 levels left

rFire    x . .     SeeInvis +   u - +0 dagger (chaos)
rCold    + . .     Faith    .   (no shield)
rNeg     + + +     Spirit   .   j - +2 robe "Shattered Together" {Will+, Comp, Evo} (curse)
rPois    ∞         Reflect  .   t - +1 helmet "Eternal Agnosticism" {Comp, Bglg} (curse)
rElec    .         Harm     .   (no cloak)
rCorr    +         Rampage  .   (no gloves)
Will     ++...                  (no boots)
Stlth    ++........             i - amulet of the Eye in the Sky {RegenMP, Cun, Comp} (curse)
HPRegen  0.23/turn              p - ring of resist corrosion
MPRegen  0.43/turn              s - ring of Ashenzari's Annoyance {Wiz, Self, Comp} (curse)

@: no status effects
A: cold resistance 1, negative energy resistance 3, torment resistance 2,
unbreathing 1, heat vulnerability 1, no potions
a: Renounce Religion, Curse Item, Shatter the Chains


You were on level 9 of the Dungeon.
You worshipped Ashenzari.
Ashenzari was pleased with you.
You visited 1 branch of the dungeon, and saw 9 of its levels.

You collected 327 gold pieces.

Inventory:

Hand Weapons
 k - a +0 short sword
 u - a +0 dagger of chaos (weapon)
Armour
 a - a +0 robe
 h - +0 steam dragon scales
 j - the cursed +2 robe "Shattered Together" (worn) {Will+, Comp, Evo}
   (You took it off Blork the orc on level 4 of the Dungeon)

   It has a curse placed upon it.
 t - the cursed +1 helmet "Eternal Agnosticism" (worn) {Comp, Bglg}
   (You found it on level 5 of the Dungeon)

   It has a curse placed upon it.
Jewellery
 c - a ring of protection from cold
 e - an amulet of reflection
 i - the cursed amulet of the Eye in the Sky (around neck) {RegenMP, Cun, Comp}
   (You found it on level 4 of the Dungeon)

   [amulet of magic regeneration]

   It increases your magic regeneration.
   It has a curse placed upon it.
 p - a ring of resist corrosion (left hand)
 s - the cursed ring of Ashenzari's Annoyance (right hand) {Wiz, Self, Comp}
   (You found it on level 5 of the Dungeon)

   [ring of wizardry]

   It improves your spell success rate.
   It has a curse placed upon it.
Wands
 v - a wand of iceblast (1)
 w - a wand of paralysis (17)
 x - a wand of random effects (30)
Scrolls
 b - a scroll of amnesia
 f - 2 scrolls of fog
 l - 3 scrolls of blinking
 m - 2 scrolls of magic mapping
 q - 6 scrolls of teleportation
 r - 3 scrolls of immolation
Potions
 d - a potion of might
 g - a potion of berserk rage
 n - a potion of degeneration
 o - a potion of heal wounds


   Skills:
 + Level 6.5(8.5) Fighting
 + Level 5.8(7.7) Dodging
 - Level 1.5(2.9) Stealth
 - Level 6.6(8.5) Spellcasting
 - Level 5.3(7.2) Conjurations
 - Level 7.6(9.5) Hexes


You had 19 spell levels left.
You knew the following spells:

 Your Spells              Type           Power      Damage    Failure   Level
a - Magic Dart            Conj           100%       1d8       1%          1
b - Searing Ray           Conj           70%        3d5       1%          2
c - Fulminant Prism       Conj/Hex       20%        3d13      1%          4

Your spell library contained the following spells:

 Spells                   Type           Power      Damage    Failure   Level
 Corona                   Hex            48%        N/A       1%          1
 Dazzling Flash           Conj/Hex       80%        N/A       1%          3
 Animate Skeleton         Necr           22%        N/A       2%          1
 Summon Small Mammal      Summ           44%        N/A       2%          1
 Apportation              Tloc           18%        N/A       3%          1
 Iskenderun's Mystic Bla  Conj/Tloc      22%        2d6       8%          4
 Beastly Appendage        Tmut           Unusable   N/A       N/A         1
 Wereblood                Tmut           Unusable   N/A       N/A         2
 Spider Form              Tmut/Pois      Unusable   N/A       N/A         3
 Ice Form                 Ice/Tmut       Unusable   N/A       N/A         4
 Blade Hands              Tmut           Unusable   N/A       N/A         5

Dungeon Overview and Level Annotations

Branches:
Dungeon (9/15)             Temple (0/1) D:4
   Lair: D:8-11         Orc: D:9-12

Altars:
Ashenzari
Cheibriados
Elyvilon
Gozag
Hepliaklqana
Kikubaaqudgha
Makhleb
Nemelex Xobeh
Qazlal
Trog
Uskayaw
Xom
The Shining One

Annotations:
D:5 1 runed translucent door, Inkie's ghost, novice KoAr


Innate Abilities, Weirdness & Mutations

You are immune to poison.
Your flesh is cold resistant. (rC+)
You are immune to negative energy. (rN+++)
You are immune to unholy pain and torment.
You can survive without breathing.
You are vulnerable to heat. (rF-)
You do not drink.


Message History

You kill the kobold brigand!
The searing ray misses the centaur. (Press . to maintain the ray.)
The centaur shoots an arrow.
The arrow hits you!
The centaur shoots an arrow.
The arrow completely misses you.
The searing ray hits the centaur!
The centaur is moderately wounded.
The centaur shoots an arrow.
The arrow hits you!
* * * LOW HITPOINT WARNING * * *
The searing ray hits the centaur!
The centaur is almost dead.
The centaur shoots an arrow.
The arrow hits you!
* * * LOW HITPOINT WARNING * * *
The searing ray misses the centaur.
You finish channeling your searing ray.
The centaur shoots an arrow.
The arrow hits you!
* * * LOW HITPOINT WARNING * * *
Casting: Searing Ray (safe; 1% risk of failure)
Confirm with . or Enter, or press ? or * to list all spells.
Aiming: Fulminant Prism (mildly dangerous; 1% risk of failure)
Press: ? - help, Dir - move target You conjure a prism of explosive energy!
A fulminant prism comes into view.
You hear a loud crackle.
Casting: Fulminant Prism (mildly dangerous; 1% risk of failure)
Confirm with . or Enter, or press ? or * to list all spells.
Aiming: Magic Dart (safe; 1% risk of failure)
Press: ? - help, Shift-Dir - straight line, f - centaur
Aim: a centaur, wielding a +0 shortbow and quivering arrows (severely wounded, 0% to evade)
Okay, then.
Casting: Magic Dart (safe; 1% risk of failure)
Confirm with . or Enter, or press ? or * to list all spells.
Aiming: Searing Ray (safe; 1% risk of failure)
Press: ? - help, Shift-Dir - straight line, f - centaur
Aim: a centaur, wielding a +0 shortbow and quivering arrows (severely wounded, 12% to evade)
The searing ray hits the centaur!
You kill the centaur! (Press . to maintain the ray.)
You hear an explosion!
The blast of energy engulfs you!
You die...

. * #!## #..... , , ,
#...# ####)(... ,
###..##......(. **
#....##..!.. * * ,,
######.######## , ,
##......## ,, *
##...####..# , ###..# *
##.# > #..@# #.# ,
######)##########.######
.......*...).##.........#
######..).....#.........#
#...................# * *
#........[..........#
#........c..........# *
*#..!................# *
.....................#


There were no monsters in sight!

Vanquished Creatures
  Erica (D:8)
  Maggie (D:8)
  Prince Ribbit (D:6)
  An orc warrior (D:8)
  A black bear (D:7)
  An ice beast (D:7)
  3 ogres
  6 centaurs
  2 phantoms
  2 kobold brigands
  Blork the orc (D:4)
  A bullfrog (D:6)
  2 scorpions
  3 killer bees (D:7)
  8 wights
  4 crimson imps (D:5)
  2 centaur zombies
  2 hounds
  A jelly (D:5)
  An orc priest (D:8)
  An iguana (D:4)
  4 bullfrog skeletons
  5 worker ants
  7 orc wizards
  A hound skeleton (D:4)
  A howler monkey zombie (D:6)
  A worker ant zombie (D:6)
  3 gnolls (D:5)
  11 adders
  A shadow imp (D:5)
  4 white imps
  2 ufetubi
  An adder skeleton (D:8)
  A worm (D:4)
  2 dart slugs
  8 leopard geckos
  23 orcs
  5 ball pythons
  7 bats
  6 giant cockroaches
  6 goblins
  4 hobgoblins
  10 jackals
  2 quokkas
  3 frilled lizards
  2 jackal skeletons
  15 kobolds
  A leopard gecko skeleton (D:6)
  A leopard gecko zombie (D:7)
  A quokka skeleton (D:6)
  8 rats
191 creatures vanquished.

Vanquished Creatures (others)
  4 fulminant prisms
4 creatures vanquished.

Grand Total: 195 creatures vanquished

Notes
Turn   | Place    | Note
-------+----------+-------------------------------------------
     0 | D:1      | inc the Mummy Conjurer began the quest for the Orb.
     0 | D:1      | Reached XP level 1. HP: 13/13 MP: 4/4
   325 | D:1      | Reached XP level 2. HP: 19/19 MP: 4/6
  1168 | D:2      | Reached XP level 3. HP: 24/24 MP: 2/8
  1362 | D:2      | Found a bloodstained altar of Trog.
  1871 | D:3      | Reached XP level 4. HP: 30/30 MP: 3/10
  2555 | D:3      | Learned a level 2 spell: Searing Ray
  2768 | D:3      | Found a broken altar of Ashenzari.
  2825 | D:3      | Became a worshipper of Ashenzari the Shackled
  3269 | D:4      | Noticed a phantom
  3280 | D:4      | Killed a phantom
  3281 | D:4      | Reached skill level 5 in Spellcasting
  3281 | D:4      | Reached XP level 5. HP: 35/35 MP: 4/12
  3652 | D:4      | Reached XP level 6. HP: 35/41 MP: 6/14
  3813 | D:4      | Reached skill level 5 in Conjurations
  3925 | D:4      | Found a snail-covered altar of Cheibriados.
  3962 | D:4      | Noticed Blork the orc
  3969 | D:4      | Killed Blork the orc
  4191 | D:4      | Found a staircase to the Ecumenical Temple.
  4733 | D:5      | Entered Level 5 of the Dungeon
  4794 | D:5      | Found a runed translucent door.
  4804 | D:5      | Noticed Inkie's ghost (novice KoAr)
  4861 | D:5      | Reached skill level 1 in Fighting
  4861 | D:5      | Reached XP level 7. HP: 43/48 MP: 8/16
  5074 | D:5      | Reached * piety under Ashenzari
  5293 | D:5      | Found a hide-covered altar of Uskayaw.
  5309 | D:5      | Found a shimmering altar of Xom.
  5812 | D:6      | Found a burning altar of Makhleb.
  5870 | D:6      | Reached ** piety under Ashenzari
  5964 | D:6      | Reached XP level 8. HP: 6/63 MP: 13/20
  6556 | D:6      | Noticed Prince Ribbit
  6569 | D:6      | Killed Prince Ribbit
  6623 | D:6      | Found a hazy altar of Hepliaklqana.
  6645 | D:6      | Reached skill level 5 in Fighting
  6780 | D:6      | Found an opulent altar of Gozag.
  6780 | D:6      | Found a sparkling altar of Nemelex Xobeh.
  7106 | D:7      | Reached skill level 5 in Dodging
  7343 | D:7      | Found a stormy altar of Qazlal.
  7440 | D:7      | Found a shimmering altar of Xom.
  7515 | D:7      | Reached XP level 9. HP: 71/74 MP: 17/21
  7537 | D:7      | Reached skill level 1 in Hexes
  7562 | D:7      | Reached skill level 2 in Hexes
  7926 | D:7      | Reached skill level 3 in Hexes
  8381 | D:8      | Found an ancient bone altar of Kikubaaqudgha.
  8426 | D:8      | Noticed Erica
  8444 | D:8      | Killed Erica
  8445 | D:8      | Reached skill level 5 in Hexes
  8511 | D:8      | Reached skill level 6 in Hexes
  8973 | D:8      | Noticed Maggie
  8986 | D:8      | Killed Maggie
  8987 | D:8      | Reached skill level 7 in Hexes
  9789 | D:8      | Learned a level 4 spell: Fulminant Prism
  9823 | D:8      | Reached XP level 10. HP: 81/81 MP: 16/22
 10087 | D:9      | HP: 1/82 [centaur/arrow (7)]
 10090 | D:9      | Killed by an exploding fulminant prism

Illustrated notes

Levels and vault maps discovered:
D:1:      scummos_arrival_gate, layout_loops_cross
D:2:      layout_basic, bloody_trog
D:3:      layout_basic, old_standard_altar, nicolae_overflow_crystal_walls,
          st_stairs_11
D:4:      layout_loops_cross, kennysheep_slug_shrine, minmay_temple_entry_hall,
          kennysheep_nondescript, kennysheep_generic_room_16, uniq_blork_the_orc
D:5:      layout_basic, lemuel_crystal_altar, ebering_ghost_sewer_d,
          led_xom_imps
D:6:      layout_basic, grunt_temple_overflow_opulence,
          nzn_hepliaklqana_mist_gate, basic_altar, serial_bayou_pond_c,
          kennysheep_generic_room_9, uniq_prince_ribbit1
D:7:      layout_rooms, lemuel_crystal_altar, gammafunk_temple_overflow_wave,
          minmay_unpleasant_kobolds
D:8:      layout_basic, old_standard_altar, minmay_misc_feat_rows, uniq_maurice,
          uniq_maggie, uniq_erica
D:9:      layout_rooms, old_standard_altar

Skill      XL: |  1  2  3  4  5  6  7  8  9 |
---------------+----------------------------+-----
Spellcasting   | 3 4 5 6 |  6.6
Conjurations   | 4 5 |  5.3
Fighting       | 1 3 6 |  6.5
Dodging        | 2 3 5 |  5.8
Hexes          | 7 |  7.6
Stealth        | |  1.5

Action                   |  1- 3 |  4- 6 |  7- 9 | 10-12 || total
-------------------------+-------+-------+-------+-------++-------
Melee: Unarmed           |     4 |     2 |       |       ||     6
       Short sword       |       |     7 |     4 |       ||    11
       Dagger            |       |       |    29 |     4 ||    33
 Cast: Magic Dart        |    76 |   131 |   128 |     2 ||   337
       Searing Ray       |       |     9 |    58 |     6 ||    73
       Fulminant Prism   |       |       |     1 |     3 ||     4
Invok: Curse Item        |       |     1 |     3 |       ||     4
  Use: Scroll            |       |       |     2 |       ||     2
 Stab: Sleeping          |       |       |     3 |       ||     3
       Confused          |       |       |     1 |       ||     1
       Distracted        |       |       |     1 |       ||     1
Armor: Robe              |     6 |     6 |    54 |     3 ||    69
Dodge: Dodged            |     8 |    24 |   118 |    21 ||   171
Block: Other             |       |     5 |       |       ||     5

Table legend: (Time is in decaauts)
 A = Elapsed time spent in this place.
 B = Non-inter-level travel time spent in this place.
 C = Inter-level travel time spent in this place.
 D = Time resting spent in this place.
 E = Time spent auto-exploring this place.
 F = Levels seen in this place.
 G = Mean time per level.
                   A        B        C        D        E       F      G
               +--------+--------+--------+--------+--------+-----+--------+
         Total |  10107 |   9780 |    327 |   1617 |   6611 |   9 | 1123.0 |
       Dungeon |  10107 |   9780 |    327 |   1617 |   6611 |   9 | 1123.0 |
               +--------+--------+--------+--------+--------+-----+--------+

Top non-repeatable levels by time:
     D:6: 1811 daAuts
     D:8: 1568 daAuts
     D:3: 1564 daAuts
     D:4: 1495 daAuts
     D:5: 952 daAuts
     D:1: 898 daAuts
     D:7: 864 daAuts
     D:2: 779 daAuts
     D:9: 171 daAuts
